 Dungeon Sprint DCSS version 0.32-a0-355-ged53ad6fd3 (webtiles) character file.

Game seed: 10957620301046201310

30 Conn the Firebug (level 3, -7/21 HPs)
             Began as an Octopode Fire Elementalist on Feb 18, 2024.
             Was an Initiate of Sif Muna.
             Shot with a bolt by a yaktaur (28 damage)
             ... in the Dungeon (Sprint V: "Ziggurat Sprint").
             The game lasted 00:03:44 (156 turns).

Conn the Firebug (Octopode Fire Elementalist)        Turns: 156, Time: 00:03:45

Health: -7/21      AC:  1    Str: 19    XL:     3   Next: 18%
Magic:  4/7        EV: 15    Int: 31    God:    Sif Muna [......]
Gold:   0          SH:  0    Dex: 24    Spells: 2/8 levels left

rFire   . . .        B - +16 obsidian axe {drain, demonic, Mesm ^Drain Fly SInv}
rCold   . . .        (no shield)
rNeg    . . .        (helmet restricted)
rPois   .            (no amulet)
rElec   .            v - +6 ring of intelligence
rCorr   .            w - +6 ring of intelligence
SInv    +            t - +6 ring of dexterity
Will    .....        u - +6 ring of dexterity
Stlth   ++++         x - +6 ring of strength
HPRegen 0.23/turn    y - +6 ring of strength
MPRegen 0.10/turn    s - ring of flight
                     (no ring)

%: no teleportation
@: flying, mesmerised, hasted, invisible, very quick
A: almost no armour, amphibious, 8 rings, camouflage 1, gelatinous body 1,
(nimble swimmer 1), tentacles
a: Renounce Religion


You were in the Dungeon.
You worshipped Sif Muna.
Sif Muna was noncommittal.
You visited 1 branch

Inventory:

Hand Weapons
 z - the +6 Majin-Bo {spellvamp, MP+6 Int+6}
   (You found it in the Dungeon)

   Int+6:     It affects your intelligence (+6).
   MP+6:      It affects your magic capacity (+6).
 A - the +27 heavy crossbow "Sniper" {heavy, Acc+∞ SInv}
   (You found it in the Dungeon)

   Acc+∞: It never misses its target.
   SInv:      It lets you see invisible.
 B - the +16 obsidian axe (weapon) {drain, demonic, Mesm ^Drain Fly SInv}
   (You found it in the Dungeon)

   Mesm:      Its wielder is mesmerised by any visible foes, and it cannot be
   unequipped while any foes are visible.
   SInv:      It lets you see invisible.
   Fly:       It grants you flight.
   ^Drain:    It drains your maximum health when unequipped.
 D - the +7 great mace "Firestarter" {flame, immolate, rFlCloud rF++}
   (You found it in the Dungeon)

   rFlCloud:  It grants immunity to clouds of flame.
   rF++:      It greatly protects you from fire.
 E - the +8 lance "Wyrmbane" {slay drac, rPois rF+ rC+ AC+3}
   (You found it in the Dungeon)

   AC+3:      It affects your AC (+3).
   rF+:       It protects you from fire.
   rC+:       It protects you from cold.
   rPois:     It protects you from poison
 F - the +8 storm bow {elec, penet}
   (You found it in the Dungeon)
 G - the +9 sword of Power {lifebolt}
   (You found it in the Dungeon)
Armour
 C - the +18 shield of the Gong {Loud rN+ Will+ rCorr EV-5}
   (You found it in the Dungeon)

   Loud:      It is deafeningly noisy when blocking attacks.
   EV-5:      It affects your evasion (-5).
   rN+:       It protects you from negative energy.
   Will+:     It increases your willpower.
   rCorr:     It protects you from acid and corrosion.
 H - a +3 buckler
 I - an orb of guile
Jewellery
 s - a ring of flight (on tentacle)
 t - a +6 ring of dexterity (on tentacle)
 u - a +6 ring of dexterity (on tentacle)
 v - a +6 ring of intelligence (left tentacle)
 w - a +6 ring of intelligence (right tentacle)
 x - a +6 ring of strength (on tentacle)
 y - a +6 ring of strength (on tentacle)
Wands
 p - a wand of mindburst (7)
 q - a wand of iceblast (7)
 r - a wand of acid (7)
Scrolls
 f - 4 scrolls of blinking
 g - 4 scrolls of amnesia
 h - 7 scrolls of fog
 i - 5 scrolls of identify
 j - 2 scrolls of fear
Potions
 a - 8 potions of magic
 b - 10 potions of curing
 c - 10 potions of heal wounds
 d - 5 potions of haste
 e - 3 potions of berserk rage
 k - 2 potions of brilliance
 l - a potion of invisibility
 m - 4 potions of resistance
 n - a potion of experience
 o - 5 potions of might
Miscellaneous
 J - a phantom mirror (inert)


   Skills:
 - Level 1.0 Axes
 + Level 2.8 Dodging
 + Level 3.6 Stealth
 * Level 3.0 Spellcasting
 * Level 1.0 Conjurations
 + Level 0.0 Hexes
 + Level 5.4 Fire Magic
 * Level 0.0 Invocations


You had 2 spell levels left.
You knew the following spells:

 Your Spells              Type           Power      Damage    Failure   Level
a - Foxfire               Conj/Fire      96%        2x1d8     1%          1
b - Scorch                Fire           76%        2d8       1%          2
c - Inner Flame           Hex/Fire       21%        N/A       7%          3

Your spell library contained the following spells:

 Spells                   Type           Power      Damage    Failure   Level
 Volatile Blastmotes      Fire/Tloc      42%        2d13      7%          3
 Flame Wave               Conj/Fire      24%        2d8       19%         4


Dungeon Overview and Level Annotations

Branches:
Dungeon (1/1)

Altars:
Ashenzari
Cheibriados
Dithmenos
Elyvilon
Fedhas
Gozag
Hepliaklqana
Kikubaaqudgha
Makhleb
Nemelex Xobeh
Okawaru
Qazlal
Ru
Sif Muna
Trog
Uskayaw
Vehumet
Wu Jian
Xom
Yredelemnul
Zin
The Shining One
Beogh
Jiyva
Lugonu

Annotations:
D 1 transporter


Innate Abilities, Weirdness & Mutations

You cannot wear most types of armour.
You are amphibious.
You can wear up to eight rings at the same time.
Your skin changes colour to match your surroundings (Stealth+).
Your rubbery body absorbs attacks. (AC +1, EV +1)
((You are camouflaged when in or above water. (Stealth+)))
You have tentacles for arms and can constrict up to eight enemies at once.


Message History

This spell is quite dangerous to cast!
You start memorising the spell.
You continue memorising. x3
You finish memorising.
Spell assigned to 'c'.
Okay, then.
Unknown command.
Unknown command.
Unknown command.
Unknown command.
Welcome to arena 2.
You enter the transporter and appear at another place. 3 yaktaurs come into view.
Visions of slaying the yaktaur flood into your mind.
Found a +0 antimagic demon trident, a +2 robe of willpower and a staff of fire.
Found a transporter.
Unknown command.
Casting: Foxfire (safe; 1% risk of failure)
Confirm with . or Enter, or press ? or * to list all spells.
Okay, then.
You fade into invisibility!
You feel yourself speed up.
Casting: Foxfire (safe; 1% risk of failure)
Confirm with . or Enter, or press ? or * to list all spells.
Okay, then.
Aiming: Phantom Mirror
Press: ? - help, Dir - move target, f - yaktaur
Aim: a yaktaur (mesmerising, asleep, unable to see you)
You reflect the yaktaur with the mirror!
The mirror clouds!
Your yaktaur hits the yaktaur.
Visions of slaying the yaktaur flood into your mind.
Casting: Foxfire (safe; 1% risk of failure)
Confirm with . or Enter, or press ? or * to list all spells.
Aiming: Inner Flame (quite dangerous; 7% risk of failure)
Press: ? - help, Dir - move target, f/p - yaktaur
Aim: a yaktaur (lightly wounded, unable to see you, chance to affect: 61%)
The yaktaur is filled with an inner flame.
The yaktaur shouts!
The yaktaur wields a +0 arbalest.
The yaktaur shoots a bolt.
The bolt hits you!!
Ouch! That really hurt!
You die...

▓▓▓▓▓▓▓▓▓▓▓▓▓
▓.ß©ß.▓.ß©ß.▓
▓.ccc.▓.....▓
▓..c..▓.)...▓
▓.....▓.....▓
▓.....▓.....▓
▓.....▓..©..▓
▓.@©..▓▓▓▓▓▓▓
▓▓▓▓▓▓▓


You could see 3 yaktaurs and a friendly yaktaur (summoned, drained).

Vanquished Creatures
  An iron imp (D)
  A bat zombie (D)
2 creatures vanquished.

Notes
Turn   | Place    | Note
-------+----------+-------------------------------------------
     0 | D        | Conn the Octopode Fire Elementalist began the quest for the
                  | Orb.
     0 | D        | Reached XP level 1. HP: 11/11 MP: 3/3
     2 | D        | Found a blossoming altar of Fedhas.
     2 | D        | Found the +6 Majin-Bo {spellvamp, MP+6 Int+6}
     2 | D        | Found the +27 heavy crossbow "Sniper" {heavy, Acc+∞ SInv}
     2 | D        | Found the +10 dark maul {heavy}
     2 | D        | Found the +15 Maxwell's patent armour {-Cast -Tele rElec
                  | Will+ rCorr}
     2 | D        | Found the +18 shield of the Gong {Loud rN+ Will+ rCorr
                  | EV-5}
     2 | D        | Found the +16 obsidian axe {drain, demonic, Mesm ^Drain Fly
                  | SInv}
     2 | D        | Found the +7 great mace "Firestarter" {flame, immolate,
                  | rFlCloud rF++}
     2 | D        | Found the +6 shillelagh "Devastator" {shatter}
     2 | D        | Found the +11 plutonium sword {^Contam Stlth-}
     2 | D        | Found the +8 lance "Wyrmbane" {slay drac, rPois rF+ rC+
                  | AC+3}
     2 | D        | Found the +9 sword of Zonguldrok {reap}
     2 | D        | Found the +13 scythe of Curses {drain, curses, ^Drain}
     2 | D        | Found the +9 sword of Power {lifebolt}
     2 | D        | Found the +7 mace of Variability {chaos, chaos arc}
     2 | D        | Found the +11 Singing Sword {sonic wave}
     2 | D        | Found the +8 storm bow {elec, penet}
     3 | D        | Found a viscous altar of Jiyva.
     3 | D        | Found a hazy altar of Hepliaklqana.
     3 | D        | Found a transporter.
     3 | D        | Found an opulent altar of Gozag.
     3 | D        | Found an ancient bone altar of Kikubaaqudgha.
     3 | D        | Found a corrupted altar of Lugonu.
    14 | D        | Found a burning altar of Makhleb.
    15 | D        | Found a sacrificial altar of Ru.
    15 | D        | Found a shimmering blue altar of Sif Muna.
    15 | D        | Found a stormy altar of Qazlal.
    15 | D        | Found a bloodstained altar of Trog.
    15 | D        | Found an iron altar of Okawaru.
    15 | D        | Found a sparkling altar of Nemelex Xobeh.
    47 | D        | Became a worshipper of Sif Muna the Loreminder
   109 | D        | Entered arena 2.
   109 | D        | Noticed an iron imp
   109 | D        | Found a transporter.
   113 | D        | Killed an iron imp
   114 | D        | Reached skill level 1 in Axes
   114 | D        | Reached skill level 5 in Fire Magic
   114 | D        | Reached XP level 2. HP: 14/17 MP: 4/6
   114 | D        | Reached XP level 3. HP: 17/21 MP: 4/7
   147 | D        | Learned a level 2 spell: Scorch
   151 | D        | Learned a level 3 spell: Inner Flame
   151 | D        | Entered arena 3.
   151 | D        | Noticed a yaktaur
   151 | D        | Noticed a yaktaur
   151 | D        | Noticed a yaktaur
   151 | D        | Found a transporter.
   156 | D        | Shot with a bolt by a yaktaur

Illustrated notes

Levels and vault maps discovered:
D:        sprint_v [room_start, room_1, room_2, room_3, room_4, room_5, room_6,
          room_7, room_8, room_9, room_10, room_11, room_12, room_13, room_14,
          room_15, room_16, room_17, room_18, room_19, room_20, room_21,
          room_22, room_23, room_24, room_25, room_26, room_27]

Skill      XL: |  1 |
---------------+----+-----
Axes           | 1 |  1.0
Stealth        | 3 |  3.6
Spellcasting   | 3 |  3.0
Fire Magic     | 5 |  5.4
Dodging        | |  2.8
Conjurations   | |  1.0

Action                     || total
---------------------------++-------
  Melee: Broad axe         ||     3
         Constrict         ||     1
   Cast: Inner Flame       ||     1
  Evoke: Phantom mirror    ||     1
    Use: Potion            ||     2
 Armour: Skin              ||     3
  Dodge: Dodged            ||     2

Table legend: (Time is in decaauts)
 A = Elapsed time spent in this place.
 B = Non-inter-level travel time spent in this place.
 C = Inter-level travel time spent in this place.
 D = Time resting spent in this place.
 E = Time spent auto-exploring this place.
 F = Levels seen in this place.
 G = Mean time per level.
                   A        B        C        D        E       F      G
               +--------+--------+--------+--------+--------+-----+--------+
         Total |    152 |    152 |      0 |     22 |      0 |   1 |  152.0 |
       Dungeon |    152 |    152 |      0 |     22 |      0 |   1 |  152.0 |
               +--------+--------+--------+--------+--------+-----+--------+

Top non-repeatable levels by time:
       D: 152 daAuts
